 Dungeon Crawl Stone Soup version 0.30-a0-341-g682706514a (webtiles) character file.

Game seed: 3056282426286122510

21 Elric the Poker (level 2, -2/23 HPs)
             Began as a Merfolk Gladiator on Nov 2, 2022.
             Slain by Sigmund
             ... wielding a +4 scythe of venom
              (4 damage)
             ... on level 2 of the Dungeon.
             The game lasted 00:01:50 (819 turns).

Elric the Poker (Merfolk Gladiator)                  Turns: 819, Time: 00:01:51

Health: -2/23      AC:  4    Str: 14    XL:     2   Next: 87%
Magic:  2/2        EV: 13    Int:  7    God:
Gold:   82         SH:  0    Dex: 15    Spells: 1/1 levels left

rFire   . . .      SeeInvis .    j - +0 lajatang
rCold   . . .      Faith    .    (shield currently unavailable)
rNeg    . . .      Spirit   .    b - +0 leather armour
rPois   .          Reflect  .    c - +0 helmet
rElec   .          Harm     .    (no cloak)
rCorr   .          Rampage  .    (no gloves)
Will    .....                    (no boots)
Stlth   +.........               (no amulet)
HPRegen 0.23/turn                (no ring)
MPRegen 0.08/turn                (no ring)

@: no status effects
A: (nimble swimmer 2), mertail
a: no special abilities


You were on level 2 of the Dungeon.
You visited 1 branch of the dungeon, and saw 2 of its levels.

You collected 82 gold pieces.

Inventory:

Hand Weapons
 a - a +0 trident
 j - a +0 lajatang (weapon)
Missiles
 e - a javelin (quivered)
Armour
 b - a +0 leather armour (worn)
 c - a +0 helmet (worn)
Scrolls
 g - a scroll of enchant armour {unknown}
 i - a scroll of teleportation {unknown}
Potions
 f - a potion of magic {unknown}
 h - a potion of curing {unknown}


   Skills:
 - Level 2.4 Fighting
 * Level 4.7(4.8) Polearms
 + Level 0.4(1.8) Staves
 - Level 2.1 Throwing
 - Level 4.2 Dodging


You had one spell level left.
You didn't know any spells.
Your spell library was empty.

Dungeon Overview and Level Annotations

Branches:
Dungeon (2/15)

Altars:

Annotations:
D:2 Sigmund


Innate Abilities, Weirdness & Mutations

((You are very nimble when in or above water. (Stealth+, EV+, Speed+++)))
Your lower body shifts to a powerful aquatic tail in water.


Message History

Found 2 stones.
The adder moves out of view.
There is a stone staircase leading down here.
An adder is nearby!
An adder is nearby!
You barely miss the adder. The adder closely misses you.
The adder barely misses you.
You slash the adder!
You kill the adder!
No target in view!
Found an escape hatch in the floor.
There is an escape hatch in the floor here.
Sigmund the Dreaded comes into view.
He is wielding a +4 scythe of venom and wearing a +2 robe of cold resistance.
Sigmund is nearby!
Sorry, you're not good enough to have a special ability.
Throw: 3 throwing nets
Press: ? - help, Q - select action, (/) - cycle Shift-Dir - straight line, f - Sigmund
Aim: Sigmund, wielding a +4 scythe of venom and wearing a +2 robe of cold resistance (57% to hit)
You throw a throwing net. The throwing net barely misses Sigmund.
Throw: 2 throwing nets
Press: ? - help, Q - select action, (/) - cycle Shift-Dir - straight line, f/p - Sigmund
Aim: Sigmund, wielding a +4 scythe of venom and wearing a +2 robe of cold resistance (57% to hit)
You throw a throwing net. The throwing net barely misses Sigmund.
Throw: throwing net
Press: ? - help, Q - select action, (/) - cycle Shift-Dir - straight line, f/p - Sigmund
Aim: Sigmund, wielding a +4 scythe of venom and wearing a +2 robe of cold resistance (57% to hit)
You throw a throwing net. The throwing net barely misses Sigmund.
Sigmund barely misses you. Sigmund barely misses you.
You hit Sigmund but do no damage. You barely miss Sigmund.
Sigmund gestures at you while chanting. The magic dart hits you!
Sigmund gestures wildly while chanting.
Sigmund flickers and vanishes!
Deactivating autopickup; reactivate with Ctrl-A.
You miss something. Something hits you!
Ouch! That really hurt!
* * * LOW HITPOINT WARNING * * *
You barely miss something. Something hits you.
You die...

###.##.#.###..(..#..
...................#
.##.###.######.###..#
#.###.# #.# .#.#
#....># #.# # .
#####.# ##+##
####.#####..=##
##.......#.....##
.............@{..(#
###...#.##.........#
.........+.........+
###...#.##.........#
##..#.##........## #.
#.##.#.....## #.
.....##...##
...###+## ###


There were no monsters in sight!

Vanquished Creatures
  An adder (D:2)
  2 ball pythons (D:1)
  An endoplasm (D:1)
  4 goblins
  2 frilled lizards (D:1)
  2 kobolds (D:1)
  A rat (D:1)
13 creatures vanquished.

Notes
Turn   | Place    | Note
-------+----------+-------------------------------------------
     0 | D:1      | Elric the Merfolk Gladiator began the quest for the Orb.
     0 | D:1      | Reached XP level 1. HP: 16/16 MP: 1/1
   193 | D:1      | Reached XP level 2. HP: 22/23 MP: 2/2
   810 | D:2      | Noticed Sigmund
   818 | D:2      | HP: 1/23 [something (12)]
   819 | D:2      | Slain by Sigmund

Illustrated notes

Levels and vault maps discovered:
D:1:      dpeg_arrival_round_b, layout_basic, grunt_decor_junction,
          hangedman_abyss_or_decor_stabs
D:2:      layout_loops_corners, kennysheep_cross_bottleneck,
          minmay_joined_circles, uniq_sigmund

Action                   || total
-------------------------++-------
Melee: Trident           ||    14
       Lajatang          ||    18
Throw: Throwing net      ||     3
 Stab: Sleeping          ||     1
Armor: Leather armour    ||     5
Dodge: Dodged            ||    10

Table legend: (Time is in decaauts)
 A = Elapsed time spent in this place.
 B = Non-inter-level travel time spent in this place.
 C = Inter-level travel time spent in this place.
 D = Time resting spent in this place.
 E = Time spent auto-exploring this place.
 F = Levels seen in this place.
 G = Mean time per level.
                   A        B        C        D        E       F      G
               +--------+--------+--------+--------+--------+-----+--------+
         Total |    824 |    717 |    107 |      0 |    630 |   2 |  412.0 |
       Dungeon |    824 |    717 |    107 |      0 |    630 |   2 |  412.0 |
               +--------+--------+--------+--------+--------+-----+--------+

Top non-repeatable levels by time:
     D:1: 742 daAuts
     D:2: 82 daAuts
